 Dungeon Crawl Stone Soup version 0.17.1-3-g152610e (webtiles) character file.

912 Inkary the Covert (level 7, -3/36 HPs)
             Began as a Spriggan Assassin on Apr 4, 2016.
             Was a Believer of Makhleb.
             Killed from afar by an orc wizard (4 damage)
             ... with a magic dart
             ... on level 7 of the Dungeon.
             The game lasted 01:03:44 (6301 turns).

Inkary the Covert (Spriggan Assassin)               Turns: 6301, Time: 01:03:44

Health: -3/36      AC:  3    Str:  7    XL:     7   Next: 82%
Magic:  8/8        EV: 24    Int: 13    God:    Makhleb [**....]
Gold:   286        SH:  0    Dex: 19    Spells: 0 memorised, 6 levels left

rFire  . . .     SeeInvis +     p - +2 short sword (venom)
rCold  . . .     Clarity  .     q - +0 robe
rNeg   . . .     SustAt   .     (shield restricted)
rPois  +         Gourm    .     (helmet restricted)
rElec  .         Spirit   .     d - +0 cloak
rCorr  .         Warding  .     (gloves unavailable)
rMut   .         Stasis   .     (boots unavailable)
MR     +....                    (no amulet)
Stlth  +++.......               u - ring of flight
                                h - ring of poison resistance

@: very quick, somewhat resistant to hostile enchantments, fairly stealthy
A: unfitting armour, see invisible, herbivore 3, speed 3, slow metabolism 2
a: Minor Destruction, Renounce Religion, Evoke Flight


You were on level 7 of the Dungeon.
You worshipped Makhleb.
Makhleb was pleased with you.
You were not hungry.

You visited 2 branches of the dungeon, and saw 8 of its levels.

You collected 286 gold pieces.

Inventory:

Hand Weapons
 a - a +2 dagger
 b - a +0 blowgun
 p - a +2 short sword of venom (weapon)
Missiles
 e - 8 poisoned needles
 f - 2 curare-tipped needles (quivered)
 o - 3 needles of slowing
Armour
 d - a +0 cloak (worn)
 q - a +0 robe (worn)
Jewellery
 h - a ring of poison resistance (left hand)
 u - a ring of flight (right hand)
Wands
 w - a wand of digging (8)
 y - a wand of digging (9)
Scrolls
 c - 2 scrolls of teleportation
 g - a scroll of blinking
 i - 4 scrolls of remove curse
 k - a scroll of immolation
 t - a scroll of fog {unknown}
 v - a scroll of magic mapping
 z - a scroll of recharging {unknown}
 A - 2 scrolls of fear {unknown}
 B - a scroll of enchant weapon {unknown}
Potions
 j - a potion of ambrosia
 m - 3 potions of curing
 n - a potion of haste {unknown}
 r - a potion of brilliance {unknown}
Comestibles
 l - 5 bread rations
 s - 2 slices of pizza
 x - 4 fruits


   Skills:
 + Level 3.5 Fighting
 + Level 4.7 Short Blades
 + Level 2.1 Throwing
 + Level 7.6 Dodging
 + Level 9.3 Stealth


You had 6 spell levels left.
You didn't know any spells.

Dungeon Overview and Level Annotations

Branches:
Dungeon (7/15)             Temple (1/1) D:5

Altars:
Cheibriados
Elyvilon
Gozag
Makhleb
Nemelex Xobeh
Ru
Vehumet
The Shining One

Annotations:
D:1 1 exclusion


Innate Abilities, Weirdness & Mutations

You are tiny and cannot use many weapons and most armour.
You have supernaturally acute eyesight.
You are a herbivore.
You cover ground extremely quickly.
You need consume almost no food.


Message History

The orc wizard shouts!
The orc warrior shouts!
The orc priest shouts!
The orc warrior hits you with a long sword!!
Ouch! That really hurt!
The orc wizard casts a spell at you. The magic dart hits you!
* * * LOW HITPOINT WARNING * * *
A jackal comes into view.
The orc priest hits you but does no damage.
You see here 2 scrolls labeled IMAZADE JUMM.
A jackal comes into view.
The orc priest suddenly curses.
You enter the shallow water.
Moving in this stuff is going to be slow.
The orc priest miscasts a cantrip.
The orc warrior hits you with a long sword!
* * * LOW HITPOINT WARNING * * *
The jackal barks!
The orc wizard points at you and mumbles some strange words.
The magic dart hits you!
You die...

#.......... ..
####.).?...#
.#.###....?.....#
.....(.h........#
.≈≈≈≈≈hZoo##.##..[.
.≈#####oo...... ...
. #≈......#>. .
#≈..##### .# #@..#
# #≈..# ≈≈.....
.......#.#
..##...... #.#
##.#### .. .. ##
...


You could see an orc warrior, an orc priest, an orc wizard, an orc, an adder
zombie and 2 jackals.

Vanquished Creatures
  An orc warrior (D:6)
  An ogre (D:5)
  A centaur (D:5)
  A water moccasin skeleton (D:6)
  2 orc priests (D:4)
  3 hounds
  2 orc wizards
  An iguana (D:6)
  5 worker ants
  A hound zombie (D:6)
  9 adders
  4 gnolls (D:4)
  An ooze (D:1)
  A worm (D:2)
  3 giant geckos
  32 orcs
  4 giant cockroaches (D:3)
  4 goblins
  3 hobgoblins
  12 jackals
  6 kobolds
  2 ball pythons
  4 bats
  5 giant newts
  A quokka (D:4)
  A quokka skeleton (D:4)
  4 rats (D:1)
114 creatures vanquished.

Notes
Turn   | Place    | Note
--------------------------------------------------------------
     0 | D:1      | Inkary the Spriggan Assassin began the quest for the Orb.
     0 | D:1      | Reached XP level 1. HP: 10/10 MP: 2/2
    51 | D:1      | Reached skill level 6 in Stealth
   106 | D:1      | Reached XP level 2. HP: 1/15 MP: 3/3
  1187 | D:2      | Reached XP level 3. HP: 3/18 MP: 4/4
  1750 | D:2      | Found a radiant altar of Vehumet.
  1904 | D:3      | Reached skill level 7 in Stealth
  2041 | D:3      | Reached XP level 4. HP: 23/23 MP: 5/5
  2191 | D:3      | Found a burning altar of Makhleb.
  2314 | D:3      | Became a worshipper of Makhleb the Destroyer
  2694 | D:4      | Reached XP level 5. HP: 18/27 MP: 6/6
  2875 | D:4      | Reached * piety under Makhleb
  3005 | D:4      | Reached XP level 6. HP: 8/32 MP: 7/7
  3252 | D:4      | Found an opulent altar of Gozag.
  3274 | D:4      | Reached skill level 5 in Dodging
  3335 | D:4      | HP: 1/32 [orc priest/divine providence (14)]
  3694 | D:4      | Reached skill level 8 in Stealth
  3980 | D:5      | Entered Level 5 of the Dungeon
  4158 | D:5      | Found a sacrificial altar of Ru.
  4194 | D:5      | Found a staircase to the Ecumenical Temple.
  4208 | Temple   | Entered the Ecumenical Temple
  4440 | D:5      | Reached XP level 7. HP: 36/36 MP: 8/8
  4795 | D:6      | Reached ** piety under Makhleb
  5093 | D:6      | Reached skill level 9 in Stealth
  6059 | D:6      | Found a sparkling altar of Nemelex Xobeh.
  6298 | D:7      | HP: 1/36 [orc warrior/long sword (8)]
  6301 | D:7      | Killed from afar by an orc wizard

Action                   |  1- 3 |  4- 6 |  7- 9 || total
-------------------------+-------+-------+-------++-------
Melee: Dagger            |    54 |       |     2 ||    56
       Short sword       |    40 |   174 |    82 ||   296
Evoke: Wand              |       |       |     1 ||     1
  Use: Scroll            |     1 |     7 |     1 ||     9
 Stab: Sleeping          |     7 |     7 |     2 ||    16
       Distracted        |       |     2 |       ||     2
  Eat: Bread ration      |     1 |       |       ||     1
